 Dungeon Crawl Stone Soup version 0.28-a0-872-g80cf8599ee (webtiles) character file.

Game seed: 8948172270002276905

1666 sanka the Cleaver (level 8, -1/71 HPs)
             Began as a Palentonga Fighter on Nov 20, 2021.
             Slain by an orc warrior (10 damage)
             ... on level 7 of the Dungeon.
             The game lasted 00:07:31 (7680 turns).

sanka the Cleaver (Palentonga Fighter)              Turns: 7680, Time: 00:07:31

Health: -1/71      AC: 16    Str: 19    XL:     8   Next: 69%
Magic:  8/8        EV:  7    Int:  9    God:
Gold:   233        SH:  4    Dex: 12    Spells: 7/7 levels left

rFire   . . .      SeeInvis +   a - +0 war axe
rCold   . . .      Faith    .   c - +0 buckler
rNeg    . . .      Spirit   .   b - +0 scale mail
rPois   .          Reflect  .   (no helmet)
rElec   .          Harm     .   (no cloak)
rCorr   +          Rampage  .   i - +2 pair of gloves
Will    .....                   (no barding)
Stlth   ..........              (no amulet)
HPRegen 0.21/turn               (no ring)
MPRegen 0.11/turn               l - ring of resist corrosion

@: curled up
A: large, rugged brown scales 3, see invisible, deformed body, roll 1, armoured
tail, reflexive curl
a: Rolling Charge


You were on level 7 of the Dungeon.
You visited 2 branches of the dungeon, and saw 8 of its levels.

You collected 233 gold pieces.


Innate Abilities, Weirdness & Mutations

You are completely covered in rugged brown scales. (AC +3, +7% HP)
You have supernaturally acute eyesight. (SInv)
Armour fits poorly on your strangely shaped body.
You can roll at nearby foes to attack.
You have a long armoured tail.
You curl defensively after being hit. (AC +7*)


   Skills:
 + Level 7.2 Fighting
 + Level 9.2 Axes
 - Level 2.4 Armour
 - Level 2.4 Shields


You had 7 spell levels left.
You didn't know any spells.
Your spell library contained the following spells:

 Spells                   Type           Power      Damage    Failure   Level
 Animate Skeleton         Necr           0%         N/A       77%         1
 Apportation              Tloc           0%         N/A       77%         1
 Pain                     Necr           0%         1d4       77%         1
 Summon Small Mammal      Summ           0%         N/A       77%         1
 Vampiric Draining        Necr           0%         2d6       98%         3
 Dispel Undead            Necr           0%         3d6       100%        4
 Simulacrum               Ice/Necr       0%         N/A       100%        6
 Necromutation            Tmut/Necr      0%         N/A       100%        8

Inventory:

Hand Weapons
 a - a +0 war axe (weapon)
 m - a +2 dagger of venom
 u - a +1 battleaxe
Armour
 b - a +0 scale mail (worn)
 c - a +0 buckler (worn)
 i - a +2 pair of gloves (worn)
Magical Staves
 e - a staff of air
Jewellery
 l - a ring of resist corrosion (right hand)
 n - a ring of fire
Scrolls
 g - a scroll of magic mapping {unknown}
 h - a scroll of enchant weapon {unknown}
 o - 2 scrolls of immolation {unknown}
 p - a scroll of amnesia {unknown}
 s - a scroll of enchant armour
 t - 2 scrolls of identify {unknown}
 v - a scroll of fear {unknown}
Potions
 d - a potion of might
 f - a potion of flight {unknown}
 j - a potion of curing {unknown}
 k - 2 potions of haste {unknown}
 q - 2 potions of brilliance {unknown}
 r - 2 potions of cancellation {unknown}

Dungeon Overview and Level Annotations

Branches:
Dungeon (7/15)             Temple (1/1) D:6

Altars:
Ashenzari
Cheibriados
Elyvilon
Fedhas
Gozag
Kikubaaqudgha
Makhleb
Nemelex Xobeh
Ru
Sif Muna
Uskayaw
Wu Jian
Yredelemnul
The Shining One

Shops:
D:5 :

Annotations:
D:5 2 transporters

≈≈≈ ▒.()..... .≈≈≈≈≈
▒........
▒.≈≈≈≈▒▒▒▒▒▒▒▒▒▒▒▒...▒▒.▒
88≈≈≈≈≈88..▒...▒▒▒▒'▒▒▒▒▒
................▒.....▒
................▒.....▒
88≈≈≈≈≈88.......▒.....▒
...≈≈≈≈≈..▒.....).....▒
▒..≈≈≈≈≈H.▒▒...▒▒▒...▒▒
▒...≈≈≈o▒▒▒▒▒▒▒▒▒▒...▒▒▒▒
....≈≈≈≈≈................
....≈≈≈≈≈................
.....≈≈≈≈................
▒...▒≈≈≈≈.▒▒▒▒▒▒▒▒....▒▒▒
▒...▒≈≈≈≈≈▒ ▒....▒ ...
▒≈≈≈≈≈▒ ......... ..
▒▒≈≈≈≈▒ ...........


You could see an orc warrior.


Message History

The orc warrior is moderately wounded.
The orc warrior hits you with a +0 battleaxe!
Unknown command.
You slash the orc warrior!
Your tail-slap misses the orc warrior.
The orc warrior is severely wounded.
The orc warrior hits you with a +0 battleaxe!
The orc warrior hits you with a +0 battleaxe.
* * * LOW HITPOINT WARNING * * *
Unknown command.
You hit the orc warrior.
The orc warrior is almost dead.
The orc warrior hits you with a +0 battleaxe!
* * * LOW HITPOINT WARNING * * *
You hit the orc warrior but do no damage.
You tail-slap the orc warrior.
The orc warrior is almost dead.
The orc warrior hits you with a +0 battleaxe.
* * * LOW HITPOINT WARNING * * *
Unknown command.
Unknown command.
You closely miss the orc warrior.
Your tail-slap misses the orc warrior.
The orc warrior is almost dead.
The orc warrior hits you with a +0 battleaxe!
* * * LOW HITPOINT WARNING * * *
You hit the orc warrior.
The orc warrior is almost dead.
The orc warrior hits you with a +0 battleaxe!
You die...

Action                   |  1- 3 |  4- 6 |  7- 9 || total
-------------------------+-------+-------+-------++-------
Melee: War axe           |    88 |   149 |   153 ||   390
       Tailslap          |     7 |    21 |    20 ||    48
 Abil: Rolling Charge    |     3 |     2 |     3 ||     8
  Use: Scroll            |       |     2 |       ||     2
Armor: Scale mail        |    43 |    61 |    70 ||   174
Dodge: Dodged            |    32 |    43 |    41 ||   116
Block: Buckler           |    20 |    27 |    31 ||    78

Levels and vault maps discovered:
D:1:      dpeg_arrival_circle_labyrinth_c, layout_basic
D:2:      layout_loops_corners, shapermc_ecumenical_altar_gd,
          kennysheep_generic_room_8
D:3:      layout_basic, grunt_temple_overflow_opulence,
          chequers_serial_rivers_micro_e, uniq_terence
D:4:      layout_cave_pods, lemuel_tele_altar
D:5:      gammafunk_steamed_eel, layout_loops_ring,
          lemuel_coloured_pillars_altar, mainiacjoe_overflow_alcove_1,
          serial_shops, kennysheep_little_box
D:6:      layout_loops_ring, temple_fountains, small_statue_alley_b,
          minivault_19
D:7:      wander_river, layout_gridville, lightli_orcish_oven
Temple:   kb_temple_of_zot

Notes
Turn   | Place    | Note
-------+----------+-------------------------------------------
     0 | D:1      | sanka the Palentonga Fighter began the quest for the Orb.
     0 | D:1      | Reached XP level 1. HP: 19/19 MP: 1/1
   343 | D:1      | Reached XP level 2. HP: 22/25 MP: 2/2
  1130 | D:2      | Reached skill level 3 in Axes
  1420 | D:2      | Found a faded altar of an unknown god.
  1482 | D:2      | Reached XP level 3. HP: 31/31 MP: 3/3
  1577 | D:2      | Reached skill level 4 in Axes
  2060 | D:2      | Got the Tome of Black Arts
  2122 | D:2      | Reached XP level 4. HP: 36/37 MP: 4/4
  3252 | D:3      | Reached skill level 5 in Axes
  3259 | D:3      | Reached XP level 5. HP: 17/43 MP: 5/5
  3521 | D:3      | Noticed Terence
  3527 | D:3      | Killed Terence
  3748 | D:3      | Found an opulent altar of Gozag.
  3748 | D:3      | Found a sparkling altar of Nemelex Xobeh.
  4011 | D:4      | Reached skill level 6 in Axes
  4310 | D:4      | Reached XP level 6. HP: 35/50 MP: 6/6
  4836 | D:4      | Found a burning altar of Makhleb.
  4963 | D:5      | Entered Level 5 of the Dungeon
  5053 | D:5      | Found a broken altar of Ashenzari.
  5136 | D:5      | Noticed a shadow
  5156 | D:5      | Killed a shadow
  5157 | D:5      | Reached skill level 7 in Axes
  5157 | D:5      | Gained mutation: You curl defensively after being hit. (AC
                  | +7*) [Palentonga growth]
  5157 | D:5      | Reached XP level 7. HP: 28/55 MP: 7/7
  5418 | D:4      | Reached skill level 8 in Axes
  5574 | D:5      | Reached skill level 4 in Fighting
  5783 | D:5      | Found a transporter.
  5805 | D:5      | Found a transporter.
  5997 | D:5      | Found an ancient bone altar of Kikubaaqudgha.
  6258 | D:5      | Found Sybemnura's Book Shop.
  6349 | D:6      | Noticed an unseen horror
  6357 | D:6      | Killed an unseen horror
  6358 | D:6      | Reached skill level 6 in Fighting
  6358 | D:6      | Reached XP level 8. HP: 52/68 MP: 8/8
  6742 | D:6      | Found a staircase to the Ecumenical Temple.
  6835 | Temple   | Entered the Ecumenical Temple
  7389 | D:6      | Reached skill level 7 in Fighting
  7389 | D:6      | Reached skill level 9 in Axes
  7680 | D:7      | Slain by an orc warrior

Vanquished Creatures
  An unseen horror (D:6)
  A shadow (D:5)
  An ice beast (D:4)
  A necrophage (D:6)
  A centaur (D:7)
  A phantom (D:6)
  A bullfrog (D:6)
  3 scorpions
  3 wights (D:6)
  A centaur zombie (D:5)
  3 hounds
  A jelly (D:5)
  A centaur skeleton (D:4)
  3 iguanas
  Terence (D:3)
  5 orc wizards
  A hound zombie (D:5)
  6 adders
  A white imp (D:6)
  4 worms
  2 dart slugs
  9 orcs
  2 bats
  4 endoplasms
  2 giant cockroaches
  5 goblins
  6 hobgoblins
  5 jackals
  2 quokkas
  6 ball pythons
  8 frilled lizards
  4 kobolds
  6 rats
101 creatures vanquished.

Vanquished Creatures (others)
  4 plants (D:2)
4 creatures vanquished.

Grand Total: 105 creatures vanquished
